 Dungeon Crawl Stone Soup version 0.20.1-1-g8b1a95d (webtiles) character file.

66 Inarius the Grave Robber (level 4, 0/35 HPs)
             Began as a Hill Orc Necromancer on July 3, 2017.
             Slain by a worm (9 damage)
             ... on level 2 of the Dungeon.
             The game lasted 00:05:20 (1863 turns).

Inarius the Grave Robber (Hill Orc Necromancer)     Turns: 1863, Time: 00:05:21

Health: 0/35       AC:  5    Str: 13    XL:     4   Next: 15%
Magic:  1/6        EV: 10    Int: 16    God:
Gold:   22         SH:  0    Dex: 11    Spells: 1/6 levels left

rFire    . . .     SeeInvis .   d - +0 whip (curse)
rCold    . . .     Gourm    .   (no shield)
rNeg     . . .     Faith    .   f - +0 ring mail
rPois    .         Spirit   .   (no helmet)
rElec    .         Reflect  .   (no cloak)
rCorr    .         Harm     .   (no gloves)
MR       .....                  (no boots)
Stlth    +.........             (no amulet)
Regen    0.2/turn               a - +3 ring of strength
MPRegen  0.1/turn               (no ring)

@: no status effects
A: no striking features
a: no special abilities


You were on level 2 of the Dungeon.
You were not hungry.

You visited 1 branch of the dungeon, and saw 2 of its levels.

You collected 22 gold pieces.

Inventory:

Hand Weapons
 d - a cursed +0 whip (weapon)
 i - a +2 dagger of venom
Armour
 e - a +0 leather armour
 f - a +0 ring mail (worn)
Jewellery
 a - a +3 ring of strength (left hand)
Scrolls
 h - a scroll of identify
Books
 b - a book of Necromancy

   Spells                             Type                      Level
   a - Pain                           Necromancy                   1
   b - Animate Skeleton               Necromancy                   1
   c - Vampiric Draining              Necromancy                   3
   d - Regeneration                   Charms/Necromancy            3
   e - Animate Dead                   Necromancy                   4
   f - Control Undead                 Necromancy                   4
Comestibles
 c - a bread ration
 g - 3 chunks of flesh


   Skills:
 * Level 1.4 Fighting
 * Level 1.9 Armour
 - Level 1.5 Dodging
 - Level 1.5 Stealth
 + Level 1.8 Spellcasting
 + Level 4.7 Necromancy


You had one spell level left.
You knew the following spells:

 Your Spells              Type           Power        Failure   Level  Hunger
a - Pain                  Necr           ###.         6%          1    ##.....
b - Animate Skeleton      Necr           N/A          6%          1    ##.....
c - Regeneration          Chrm/Necr      #.........   45%         3    ####...


Dungeon Overview and Level Annotations

Branches:
Dungeon (2/15)

Altars:


Message History

The bat closely misses you. The worm bites you!
You hit the worm.
The worm is severely wounded.
The bat hits Robin.
Robin hits the worm with a mace.
You hit the worm.
The worm is almost dead.
The bat hits Robin.
The worm bites you!
* * * LOW HITPOINT WARNING * * *
You hit the worm but do no damage.
The worm is almost dead.
The bat hits Robin.
Robin barely misses the worm.
The worm barely misses you.
You completely miss the worm.
The worm is almost dead.
The bat hits Robin.
Robin barely misses the giant cockroach.
Your magical contamination has completely faded away.
You hit the worm but do no damage.
The worm is almost dead.
The giant cockroach bites Robin.
The worm bites you!
You die...

###.......#.....##
..#(
#.......##...##
.#..
##.....####### ...
#......... #..
#.......##
#.......#
##.....## .
##.....#....
#...@Zb.....
#..$..ws.(...
#............
#............
#............
#............
#.$..........
##...........


You could see a worm, a giant cockroach, a bat and the friendly Robin the
hobgoblin skeleton.

Vanquished Creatures
  Robin (D:2)
  2 adders (D:1)
  An ooze (D:1)
  A dart slug (D:1)
  6 hobgoblins
  A jackal (D:1)
  A quokka (D:1)
  A bat (D:2)
  5 goblins
  4 kobolds (D:1)
  A rat (D:1)
24 creatures vanquished.

Vanquished Creatures (collateral kills)
  3 goblins (D:1)
  3 hobgoblins (D:1)
  2 bats
8 creatures vanquished.

Grand Total: 32 creatures vanquished

Notes
Turn   | Place    | Note
-------+----------+-------------------------------------------
     0 | D:1      | Inarius the Hill Orc Necromancer began the quest for the Orb.
     0 | D:1      | Reached XP level 1. HP: 14/14 MP: 3/3
   277 | D:1      | Learned a level 1 spell: Animate Skeleton
   406 | D:1      | Reached XP level 2. HP: 17/22 MP: 4/4
   420 | D:1      | Reached skill level 1 in Fighting
   737 | D:2      | Noticed Robin
   926 | D:1      | Reached XP level 3. HP: 11/28 MP: 5/5
  1152 | D:1      | HP: 1/28 [poisoned by an adder]
  1157 | D:1      | Learned a level 3 spell: Regeneration
  1411 | D:1      | Reached skill level 1 in Armour
  1757 | D:2      | Killed Robin
  1757 | D:2      | Reached XP level 4. HP: 22/35 MP: 0/6
  1863 | D:2      | Slain by a worm

Skill      XL: |  1  2  3 |
---------------+----------+-----
Fighting       | 1 |  1.4
Armour         | 1 |  1.9
Dodging        | |  1.5
Stealth        | |  1.5
Spellcasting   | |  1.8
Necromancy     | |  4.7

Action                   |  1- 3 |  4- 6 || total
-------------------------+-------+-------++-------
Melee: Whip              |    74 |    14 ||    88
 Cast: Pain              |    23 |     5 ||    28
       Animate Skeleton  |    11 |     2 ||    13
  Use: Scroll            |     1 |       ||     1
  Eat: Chunk             |     2 |     2 ||     4
Armor: Ring mail         |    39 |     6 ||    45
Dodge: Dodged            |    56 |     8 ||    64
